 Dungeon Crawl Stone Soup version 0.21.0-3-g78d12a8 (webtiles) character file.

198 letownia2 the Ruffian (level 5, 0/32 HPs)
             Began as a Gargoyle Fighter on Jan 8, 2018.
             Slain by Grinder (2 damage)
             ... on level 3 of the Dungeon.
             The game lasted 00:03:45 (1634 turns).

letownia2 the Ruffian (Gargoyle Fighter)            Turns: 1634, Time: 00:03:45

Health: 0/32       AC: 10    Str: 20    XL:     5   Next: 77%
Magic:  5/5        EV:  9    Int:  9    God:
Gold:   47         SH:  0    Dex:  9    Spells: 4/4 levels left

rFire    . . .     SeeInvis .     - Unarmed
rCold    . . .     Gourm    .   (no shield)
rNeg     + . .     Faith    .   a - +0 scale mail
rPois    ∞         Spirit   .   (no helmet)
rElec    +         Reflect  .   (no cloak)
rCorr    .         Harm     .   (no gloves)
MR       .....                  (no boots)
Stlth    ..........             (no amulet)
HPRegen  0.10/turn              (no ring)
MPRegen  0.09/turn              (no ring)

@: no status effects
A: negative energy resistance 1, electricity resistance, unbreathing,
petrification resistance, rot immunity, AC +4
a: no special abilities


You were on level 3 of the Dungeon.
You were very hungry.

You visited 1 branch of the dungeon, and saw 4 of its levels.

You collected 47 gold pieces.

Inventory:

Armour
 a - a +0 scale mail (worn)
 b - a +0 shield
 k - a +0 ring mail
 l - a +0 ring mail
Scrolls
 f - a scroll of immolation {unknown}
 g - a scroll of teleportation {unknown}
 j - a scroll of identify {unknown}
Potions
 c - a potion of might
 e - a potion of mutation {unknown}
 h - a potion of magic {unknown}
 i - a potion of curing {unknown}
Comestibles
 d - a ration


   Skills:
 - Level 3.2 Fighting
 - Level 3.2 Armour
 - Level 3.2 Shields
 + Level 5.8 Unarmed Combat


You had 4 spell levels left.
You didn't know any spells.

Dungeon Overview and Level Annotations

Branches:
Dungeon (4/15)
 Temple: D:4-7

Altars:
Okawaru

Annotations:
D:3 Grinder


Innate Abilities, Weirdness & Mutations

You are resistant to torment.
Your stone body is resilient. (AC +4)
You are immune to poison.
You resist negative energy. (rN+)
You are resistant to electric shocks. (rElec)
You can survive without breathing.
You are immune to petrification.
You are immune to rotting.


Message History

You can move again.
Unknown command.
Unknown command.
You hit Grinder but do no damage.
Grinder is moderately wounded.
You closely miss Grinder.
Grinder is moderately wounded.
Grinder hits you.
* * * LOW HITPOINT WARNING * * *
You writhe in agony.
* * * LOW HITPOINT WARNING * * *
You closely miss Grinder.
Grinder is moderately wounded.
Grinder hits you but does no damage.
You hit Grinder.
Grinder is heavily wounded.
Grinder hits you.
* * * LOW HITPOINT WARNING * * *
You writhe in agony.
You die...

#.. #.# #.#
##+#.#######
#...........
#...........
#...........
#..5@.......
#........###
#........#
#...(....#
#.........#
#.........#
#########.#
..


You could see Grinder.

Vanquished Creatures
  A phantom (D:4)
  An iguana (D:4)
  2 worker ants (D:4)
  A hound skeleton (D:4)
  An adder (D:2)
  3 orcs (D:4)
  3 hobgoblins
  A quokka (D:3)
  A ball python skeleton (D:4)
  A frilled lizard (D:1)
  A kobold (D:1)
16 creatures vanquished.

Notes
Turn   | Place    | Note
-------+----------+-------------------------------------------
     0 | D:1      | letownia2 the Gargoyle Fighter began the quest for the Orb.
     0 | D:1      | Reached XP level 1. HP: 14/14 MP: 1/1
   163 | D:2      | Reached XP level 2. HP: 19/19 MP: 2/2
   174 | D:2      | Reached skill level 3 in Unarmed Combat
   193 | D:2      | Found an iron altar of Okawaru.
   237 | D:4      | Reached XP level 3. HP: 15/23 MP: 3/3
   799 | D:4      | Reached skill level 4 in Unarmed Combat
   799 | D:4      | Reached XP level 4. HP: 23/28 MP: 4/4
   949 | D:4      | Noticed a phantom
  1200 | D:4      | Killed a phantom
  1200 | D:4      | Reached skill level 5 in Unarmed Combat
  1200 | D:4      | Reached XP level 5. HP: 11/32 MP: 5/5
  1332 | D:4      | Noticed Grinder
  1333 | D:4      | Paralysed by Grinder for 4 turns
  1358 | D:4      | Paralysed by Grinder for 7 turns
  1617 | D:4      | Paralysed by Grinder for 6 turns
  1628 | D:3      | Paralysed by Grinder for 2 turns
  1634 | D:3      | Slain by Grinder

Skill      XL: |  1  2  3  4 |
---------------+-------------+-----
Unarmed Combat | 3 4 5 |  5.8
Fighting       | |  3.2
Armour         | |  3.2
Shields        | |  3.2

Action                   |  1- 3 |  4- 6 || total
-------------------------+-------+-------++-------
Melee: Unarmed           |    99 |    87 ||   186
  Eat: Chunk             |       |     1 ||     1
Armor: Scale mail        |    44 |    31 ||    75
Dodge: Dodged            |    40 |    20 ||    60
Block: Shield            |     5 |       ||     5
